 Dungeon Crawl Stone Soup version 0.30-a0-800-g7c544603b3 (webtiles) character file.

Game seed: 2865606287077617063

6463 tatocazan the Cleaver (level 10, -5/135 HPs)
             Began as a Demonspawn Berserker on Feb 22, 2023.
             Was a High Priest of Trog.
             Succumbed to a cane toad's poison
             ... on level 1 of the Lair of Beasts.
             The game lasted 00:15:21 (9057 turns).

tatocazan the Cleaver (Demonspawn Berserker)        Turns: 9057, Time: 00:15:22

Health: -5/135     AC: 20    Str: 21    XL:     10   Next: 68%
Magic:  25/25      EV:  7    Int:  9    God:    Trog [*****.]
Gold:   624        SH:  0    Dex: 13    Spells: 9/9 levels left

rFire   . . .      SeeInvis .    v - +3 hand axe (venom)
rCold   + . .      Faith    +    (no shield)
rNeg    . . .      Spirit   .    C - +0 plate armour
rPois   .          Reflect  .    p - +1 helmet
rElec   .          Harm     .    m - +0 cloak
rCorr   .          Rampage  .    (no gloves)
Will    .....                    (no boots) Stlth
                                 t
                                   - Hermit's Pendant {Faith Invo=14 Evo=0 MP+5}
HPRegen 0.42/turn                h - ring of protection from cold
MPRegen 0.19/turn                (no ring)

@: berserking (expiring), lethally poisoned (-5 -> -52), very quick
A: hooves 2, thin metallic scales 2, powered by death 2, camouflage 1, robust 1,
MP-powered wands
a: Renounce Religion, Berserk, Trog's Hand, Brothers in Arms


You were on level 1 of the Lair of Beasts.
You worshipped Trog.
Trog was extremely pleased with you.
You visited 2 branches of the dungeon, and saw 10 of its levels.

You collected 624 gold pieces.

Inventory:

Hand Weapons
 a - a +0 hand axe
 u - a +1 dagger of electrocution
 v - a +3 hand axe of venom (weapon)
 D - a +2 morningstar of flaming
Missiles
 y - 3 javelins (quivered)
Armour
 b - a +0 animal skin
 c - a scarf of resistance
 d - a +0 chain mail
 m - a +0 cloak (worn)
 p - a +1 helmet (worn)
 C - a +0 plate armour (worn)
 L - +0 swamp dragon scales
Jewellery
 f - a ring of ice
 h - a ring of protection from cold (left hand)
 t - the Hermit's Pendant (around neck) {Faith Invo=14 Evo=0 MP+5}
   (You found it on level 2 of the Dungeon)

   [amulet of faith]

   Invo=14: It sets your Invocations skill to 14.
   Evo=0: It sets your Evocations skill to 0.
   It allows you to gain divine favour quickly.
   MP:        It affects your magic capacity (+5).
 E - an amulet of regeneration
 I - a +5 ring of evasion
 N - a +6 ring of dexterity
 P - a +5 ring of evasion
Wands
 o - a wand of flame (5)
 G - a wand of iceblast (7)
 R - a wand of polymorph (6)
 S - a wand of digging (6)
Scrolls
 g - a scroll of noise
 i - 3 scrolls of teleportation
 l - a scroll of vulnerability
 s - 3 scrolls of identify
 x - a scroll of silence {unknown}
 B - a scroll of enchant weapon
 H - a scroll of fog
 J - a scroll of immolation {unknown}
 K - a scroll of fear
 Q - a scroll of enchant armour
Potions
 e - a potion of lignification {unknown}
 j - 3 potions of degeneration {unknown}
 k - a potion of mutation
 n - 3 potions of magic {unknown}
 q - 3 potions of haste {unknown}
 r - 6 potions of brilliance
 w - 2 potions of berserk rage {unknown}
 z - 2 potions of flight {unknown}
 A - 3 potions of might {unknown}
 F - a potion of curing {unknown}
 O - a potion of resistance {unknown}


   Skills:
 + Level 8.8 Fighting
 * Level 10.8 Axes
 + Level 7.7 Armour
 - Level 2.5 Dodging


You had 9 spell levels left.
You didn't know any spells.
Your spell library was empty.

Dungeon Overview and Level Annotations

Branches:
Dungeon (8/15)             Temple (0/1) D:4            Lair (2/5) D:8
  Swamp: Lair:2-3    Shoals: Lair:2-3     Snake: Lair:2-3    Spider: Lair:2-3

Altars:
Dithmenos
Gozag
Nemelex Xobeh
Okawaru
Sif Muna
Xom
Yredelemnul

Annotations:
D:5 2 transporters, tgirl's ghost, novice SpHu
Lair:1 exclusion: oklob plant


Innate Abilities, Weirdness & Mutations

You have hoof-like feet.
You are mostly covered in thin metallic scales. (AC +3)
You regenerate health from kills.
Your skin changes colour to match your surroundings (Stealth+).
You are robust. (+10% HP)
You expend magic power (3 MP) to strengthen your wands.


Message History

Your kick misses the cane toad.
The cane toad is severely wounded.
You barely miss the blink frog.
You feel extremely sick. The cane toad stings you! The blink frog hits you.
You take 24 damage, and have 30/90 hp.
MASSIVE DAMAGE!!
You hit the cane toad. You kick the cane toad.
The cane toad is almost dead.
You closely miss the blink frog.
* * * LOW HITPOINT WARNING * * *
You feel very sick. The cane toad barely misses you.
The blink frog blinks!
You take 5 damage, and have 25/90 hp.
You feel much better.
You feel extremely sick. The cane toad stings you!
You regained 6 hp, and now have 31/90 hp.
A red film seems to cover your vision as you go berserk!
You feel yourself moving faster!
You feel mighty!
You feel very sick. The cane toad stings you!!
* * * LOW HITPOINT WARNING * * *
You are lethally poisoned!
The cane toad poisons you! The cane toad stings you.
* * * LOW HITPOINT WARNING * * *
You are more poisoned.
The cane toad poisons you!
You now have 18/135 hp.
You slash the cane toad!
You kill the cane toad!
Trog accepts your kill.
* * * LOW HITPOINT WARNING * * *
You feel extremely sick.
You take 8 damage, and have 10/135 hp.
* * * LOW HITPOINT WARNING * * *
You feel extremely sick.
The blink frog blinks!
You take 8 damage, and have 2/135 hp.
You feel a strong urge to attack something.
You die...

##.###.#.#.##...##.######.###....
.................................
.................F...............
##.#P##..####.#.....###.##....##.
######### ##......#####....####
#############...._...####....# #.
....................###.#8..8####
.........................8..8(~~~
.~~~~.........†>@........~..~~~≈≈
#~≈≈~~~.#####.#######P~~~~..≈≈≈≈≈
~~≈≈≈≈~~~~#######~##~~~~≈≈..≈≈≈~~
##~~≈≈≈≈~~~~###~~~~~~≈≈≈≈≈..~~~~#
###~~~≈≈≈≈≈~~~~~~≈≈≈≈≈≈≈~~..~.###
#.PPP~~~≈≈≈≈≈≈≈≈≈≈≈≈≈~~~~8..8....
.......~~~~≈≈≈≈≈≈~~~~~...8..8....
#####.....~~~~~~~~......#....###.
# #...P######~#P###........# ##


You could see a blink frog.

Vanquished Creatures
  An elephant (Lair:1)
  3 cane toads (Lair:1)
  A polar bear (Lair:1)
  6 blink frogs (Lair:1)
  2 wyverns
  Eustachio (D:5)
  2 wargs (D:8)
  A steam dragon (D:8)
  3 water moccasins
  2 orc warriors (D:8)
  An ice beast (D:6)
  A black bear (D:8)
  An ogre (D:6)
  3 centaurs
  2 phantoms
  2 kobold brigands
  3 bullfrogs
  4 scorpions
  3 wights (D:7)
  4 killer bees (D:7)
  A howler monkey (D:7)
  6 orc priests
  3 hounds
  A gnoll bouda (D:6)
  2 iguanas
  6 orc wizards
  Robin (D:2)
  6 gnolls
  4 adders
  A white imp (D:6)
  4 dart slugs
  32 orcs
  11 endoplasms
  A giant cockroach (D:1)
  22 goblins
  9 hobgoblins
  A jackal (D:4)
  2 quokkas
  7 ball pythons
  2 bats
  2 frilled lizards
  15 kobolds
  2 rats
187 creatures vanquished.

Vanquished Creatures (collateral kills)
  Maggie (D:7)
1 creature vanquished.

Vanquished Creatures (others)
  2 fungi (Lair:1)
  4 plants
6 creatures vanquished.

Grand Total: 194 creatures vanquished

Notes
Turn   | Place    | Note
-------+----------+-------------------------------------------
     0 | D:1      | tatocazan the Demonspawn Berserker began the quest for the
                  | Orb.
     0 | D:1      | Reached XP level 1. HP: 18/18 MP: 1/1
    98 | D:1      | Gained mutation: You regenerate a little health from kills.
                  | [demonic ancestry]
    98 | D:1      | Reached XP level 2. HP: 14/24 MP: 2/2
   425 | D:1      | Reached skill level 3 in Axes
   457 | D:1      | Gained mutation: You are partially covered in thin metallic
                  | scales. (AC +2) [demonic ancestry]
   457 | D:1      | Reached XP level 3. HP: 29/29 MP: 3/3
  1127 | D:2      | Noticed Robin
  1134 | D:2      | Reached ** piety under Trog
  1154 | D:2      | Killed Robin
  1155 | D:2      | Reached XP level 4. HP: 29/35 MP: 4/4
  1328 | D:2      | Found the Hermit's Pendant {Faith Invo=14 Evo=0 MP+5}
  1802 | D:3      | Found a faded altar of an unknown god.
  2418 | D:3      | Gained mutation: You are mostly covered in thin metallic
                  | scales. (AC +3) [demonic ancestry]
  2418 | D:3      | Reached XP level 5. HP: 26/42 MP: 14/14
  2483 | D:3      | Reached skill level 4 in Axes
  2518 | D:3      | Reached *** piety under Trog
  3050 | D:4      | Gained mutation: You have large cloven feet. [demonic
                  | ancestry]
  3050 | D:4      | Reached XP level 6. HP: 48/48 MP: 16/16
  3753 | D:5      | Entered Level 5 of the Dungeon
  3976 | D:4      | Found a staircase to the Ecumenical Temple.
  4025 | D:5      | Gained mutation: You are robust. (+10% HP) [potion of
                  | mutation]
  4025 | D:5      | Gained mutation: You expend magic power (3 MP) to
                  | strengthen your wands. [potion of mutation]
  4025 | D:5      | Gained mutation: Your skin changes colour to match your
                  | surroundings (Stealth+). [potion of mutation]
  4338 | D:5      | Found a transporter.
  4423 | D:5      | Noticed tgirl's ghost (novice SpHu)
  4498 | D:5      | Found a transporter.
  4564 | D:5      | Reached skill level 5 in Axes
  4593 | D:5      | Reached XP level 7. HP: 60/60 MP: 17/17
  4808 | D:6      | Noticed Eustachio
  4822 | D:5      | Killed Eustachio
  4823 | D:5      | Reached skill level 5 in Fighting
  4947 | D:5      | Reached **** piety under Trog
  5029 | D:6      | Reached skill level 6 in Axes
  5073 | D:6      | Gained mutation: You regenerate health from kills. [demonic
                  | ancestry]
  5073 | D:6      | Reached XP level 8. HP: 49/69 MP: 18/18
  5339 | D:6      | Found a shadowy altar of Dithmenos.
  5341 | D:6      | Found an opulent altar of Gozag.
  5344 | D:6      | Found a basalt altar of Yredelemnul.
  5344 | D:6      | Found an iron altar of Okawaru.
  5512 | D:7      | Found a sparkling altar of Nemelex Xobeh.
  5621 | D:7      | Noticed Maggie
  5626 | D:7      | Reached skill level 7 in Axes
  5626 | D:7      | Reached skill level 5 in Armour
  5675 | D:7      | Reached ***** piety under Trog
  5679 | D:7      | Killed Maggie
  5930 | D:7      | Reached skill level 8 in Axes
  5930 | D:7      | Reached XP level 9. HP: 78/78 MP: 19/19
  6563 | D:7      | Found a shimmering blue altar of Sif Muna.
  7014 | D:8      | Found a staircase to the Lair.
  7194 | D:8      | Reached skill level 9 in Axes
  7753 | Lair:1   | Entered Level 1 of the Lair of Beasts
  7784 | Lair:1   | Noticed a cane toad
  7794 | Lair:1   | Killed a cane toad
  7795 | Lair:1   | Gained mutation: You have hoof-like feet. [demonic
                  | ancestry]
  7795 | Lair:1   | Reached XP level 10. HP: 88/88 MP: 20/20
  7965 | Lair:1   | Noticed an oklob plant
  7973 | Lair:1   | Reached skill level 10 in Axes
  8122 | Lair:1   | Noticed a cane toad
  8127 | Lair:1   | Killed a cane toad
  8320 | Lair:1   | Found a shimmering altar of Xom.
  8863 | Lair:2   | Noticed an elephant
  8863 | Lair:2   | Noticed a cane toad
  8877 | Lair:1   | Killed an elephant
  9055 | Lair:1   | Killed a cane toad
  9056 | Lair:1   | HP: 2/135 [poisoned by a cane toad]
  9057 | Lair:1   | Succumbed to a cane toad's poison

Illustrated notes

Levels and vault maps discovered:
D:1:      denvon_arrival_waterhouse, layout_basic, serial_forest,
          infiniplex_forest_clump_tiny, infiniplex_forest_straight_2,
          infiniplex_forest_straight_5, infiniplex_forest_clump_small,
          infiniplex_forest_end_1, infiniplex_forest_fountain,
          infiniplex_forest_clump_C, infiniplex_forest_zigzag_1
D:2:      layout_basic, hangedman_decor_riveting, uniq_robin
D:3:      layout_rooms, shapermc_ecumenical_altar_gd, dreamdust_wishing_well,
          nicolae_eternal_life
D:4:      layout_basic, minmay_temple_entry_from_below_b, minmay_puff
D:5:      layout_loops_cross, gammafunk_ghost_mausoleum
D:6:      layout_cave_pools, grunt_temple_overflow_open, uniq_eustachio
D:7:      layout_loops_ring, nemelex_xobeh_ov_fountains_minmay,
          mainiacjoe_overflow_alcove_1, lightli_orcish_oven, uniq_maggie
D:8:      layout_basic, erik_lair_orcish_takeover
Lair:1:   wander_river, layout_long_grid, basic_altar
Lair:2:   layout_roguey, swamp_mist_pool, st_stairs_11, lemuel_old_faithful

Skill      XL: |  1  2  3  4  5  6  7  8  9 10 |
---------------+-------------------------------+-----
Armour         | 2 3 4 5 6 7 |  7.7
Dodging        | 2 |  2.5
Axes           | 3 4 5 6 8 9 10 | 10.8
Fighting       | 4 5 6 7 8 |  8.8

Action                     |  1- 3 |  4- 6 |  7- 9 | 10-12 || total
---------------------------+-------+-------+-------+-------++-------
  Melee: Hand axe          |   110 |   151 |   274 |    77 ||   612
         Punch             |     1 |     2 |     3 |     2 ||     8
         Kick              |       |    12 |    95 |    34 ||   141
  Throw: Javelin           |       |       |     2 |       ||     2
 Invoke: Berserk           |     1 |     1 |     1 |     2 ||     5
         Brothers in Arms  |       |       |     1 |       ||     1
  Evoke: Wand              |       |     3 |     1 |       ||     4
    Use: Scroll            |       |     9 |       |       ||     9
         Potion            |       |     1 |     1 |     1 ||     3
 Armour: Animal skin       |     4 |       |       |       ||     4
         Chain mail        |    52 |    53 |       |       ||   105
         Plate armour      |       |    48 |   231 |    50 ||   329
  Dodge: Dodged            |    43 |    46 |   117 |    18 ||   224

Table legend: (Time is in decaauts)
 A = Elapsed time spent in this place.
 B = Non-inter-level travel time spent in this place.
 C = Inter-level travel time spent in this place.
 D = Time resting spent in this place.
 E = Time spent auto-exploring this place.
 F = Levels seen in this place.
 G = Mean time per level.
                   A        B        C        D        E       F      G
               +--------+--------+--------+--------+--------+-----+--------+
         Total |   9116 |   8812 |    304 |   1865 |   5490 |  10 |  911.6 |
       Dungeon |   7797 |   7531 |    266 |   1605 |   4618 |   8 |  974.6 |
          Lair |   1318 |   1280 |     38 |    259 |    872 |   2 |  659.0 |
               +--------+--------+--------+--------+--------+-----+--------+

Top non-repeatable levels by time:
  Lair:1: 1313 daAuts
     D:4: 1204 daAuts
     D:8: 1126 daAuts
     D:7: 1095 daAuts
     D:1: 1039 daAuts
     D:5: 972 daAuts
     D:3: 949 daAuts
     D:2: 875 daAuts
     D:6: 534 daAuts
  Lair:2: 5 daAuts
